MWL (24 & UNDER)
MANHATTEN MEATHEADS @ COLUMBIA 08S
08/23/2024
 
TOP OF THE 1ST
Manhatten Meatheads batting - Pitching for Columbia 08s : RHP Troy Parker
Pitching: RHP Troy Parker
Batting: RHB Ramón Ybarra 0-0: Ball
1-0: Called Strike
1-1: Swinging Strike
1-2: Foul Ball, location: 2F
1-2: Strikes out swinging
Batting: RHB Mark McDonald 0-0: Ball
1-0: Ball
2-0: Ball
3-0: Called Strike
3-1: Swinging Strike
3-2: Strikes out swinging
Batting: RHB Juan Reyes 0-0: Ball
1-0: SINGLE (Line Drive, 89M)
Batting: RHB Claudio Gonzáles 0-0: Called Strike
0-1: Ball
1-1: Ground out 1-3 (Groundball, 25)
Top of the 1st over - 0 run(s), 1 hit(s), 0 error(s), 1 left on base; Manhatten 0 - Columbia 0
BOTTOM OF THE 1ST
Columbia 08s batting - Pitching for Manhatten Meatheads : RHP Tom Cunningham
Pitching: RHP Tom Cunningham
Batting: RHB Jeffrey Hicks 0-0: Called Strike
0-1: Ball
1-1: Fly out, F8 (Flyball, 8LM)
Batting: RHB Irving Galloway 0-0: Ball
1-0: Ball
2-0: Ball
3-0: TRIPLE (Flyball, 9LM)
Batting: RHB Ricardo Salazar 0-0: Called Strike
0-1: Swinging Strike
0-2: Ball
1-2: Ball
2-2: SINGLE (Line Drive, 4MD)
Irving Galloway scores
Batting: LHB Robert Moore 0-0: Foul Ball, location: 2F
0-1: SINGLE (Groundball, 34D)
Ricardo Salazar to second
Runner from 2nd tries for 3rd, SAFE, throw made to third
Batting: RHB Chris Jones 0-0: Ball
1-0: Called Strike
1-1: Foul Ball, location: 2F
1-2: Ball
2-2: SINGLE (Line Drive, 56D)
Ricardo Salazar scores
Robert Moore to second
Batting: RHB Pat Fernández 0-0: Called Strike
0-1: Ground out 4-3 (Groundball, 4M)
Robert Moore to third
Chris Jones to second
Batting: LHB Ramiro Muñóz 0-0: DOUBLE (Groundball, 3L)
Robert Moore scores
Chris Jones scores
Batting: RHB Ben Barker 0-0: Called Strike
0-1: Ball
1-1: Ball
2-1: Ball
3-1: Called Strike
3-2: Base on Balls
Batting: RHB Henry Fox 0-0: Ball
1-0: Ball
2-0: Fly out, F9 (Flyball, 9S)
Bottom of the 1st over - 4 run(s), 5 hit(s), 0 error(s), 2 left on base; Manhatten 0 - Columbia 4
TOP OF THE 2ND
Manhatten Meatheads batting - Pitching for Columbia 08s : RHP Troy Parker
Batting: RHB Alfredo Díaz 0-0: Called Strike
0-1: Ball
1-1: Foul Ball, location: 2F
1-2: Ball
2-2: Foul Ball, location: 2F
2-2: Foul Ball, location: 2F
2-2: Foul Ball, location: 2F
2-2: Reached on error, E1 (Groundball, 13S)
Batting: RHB Doug Coleman 0-0: Ball
1-0: Ball
2-0: Called Strike
2-1: Fly out, F8 (Line Drive, 8LS)
Batting: SHB Will Evans 0-0: Fielders Choice at 2nd, 1-6 (Groundball, 23)
Batting: RHB Greg Lee 0-0: Foul Ball, location: 2F
0-1: Fly out, F7 (Flyball, 78M)
Top of the 2nd over - 0 run(s), 0 hit(s), 1 error(s), 1 left on base; Manhatten 0 - Columbia 4
BOTTOM OF THE 2ND
Columbia 08s batting - Pitching for Manhatten Meatheads : RHP Tom Cunningham
Batting: RHB Jeffrey Hicks 0-0: Ground out 3-1 (Groundball, 34)
Batting: RHB Irving Galloway 0-0: Ball
1-0: Called Strike
1-1: Swinging Strike
1-2: Ball
2-2: Strikes out looking
Batting: RHB Ricardo Salazar 0-0: Ball
1-0: Foul Ball, location: 2F
1-1: Ball
2-1: Swinging Strike
2-2: Strikes out swinging
Bottom of the 2nd over - 0 run(s), 0 hit(s), 0 error(s), 0 left on base; Manhatten 0 - Columbia 4
TOP OF THE 3RD
Manhatten Meatheads batting - Pitching for Columbia 08s : RHP Troy Parker
Batting: RHB Denver Baker 0-0: Ball
1-0: Called Strike
1-1: Foul Ball, location: 2F
1-2: Foul Ball, location: 2F
1-2: Strikes out looking
Batting: RHB Ramón Ybarra 0-0: Ground out 4-3 (Groundball, 4)
Batting: RHB Mark McDonald 0-0: Called Strike
0-1: Ball
1-1: Foul Ball, location: 2F
1-2: Ground out 4-3 (Groundball, 4)
Top of the 3rd over - 0 run(s), 0 hit(s), 0 error(s), 0 left on base; Manhatten 0 - Columbia 4
BOTTOM OF THE 3RD
Columbia 08s batting - Pitching for Manhatten Meatheads : RHP Tom Cunningham
Batting: LHB Robert Moore 0-0: Ball
1-0: Ball
2-0: Ball
3-0: Base on Balls
Batting: RHB Chris Jones 0-0: Ball
1-0: Grounds into double play, 5-4-3 (Groundball, 5)
Batting: RHB Pat Fernández 0-0: DOUBLE (Line Drive, 5L)
Batting: LHB Ramiro Muñóz 0-0: Ball
1-0: Ball
2-0: SINGLE (Line Drive, 78S)
Pat Fernández to third
Batting: RHB Ben Barker 0-0: Ball
1-0: Ball
2-0: SINGLE (Line Drive, 89S)
Pat Fernández scores
Ramiro Muñóz to second
Batting: RHB Henry Fox 0-0: Fielders Choice at 2nd, U6 (Groundball, 6M)
Bottom of the 3rd over - 1 run(s), 3 hit(s), 0 error(s), 2 left on base; Manhatten 0 - Columbia 5
TOP OF THE 4TH
Manhatten Meatheads batting - Pitching for Columbia 08s : RHP Troy Parker
Batting: RHB Juan Reyes 0-0: Fly out, F5 (Popup, 56)
Batting: RHB Claudio Gonzáles 0-0: Ball
1-0: Foul Ball, location: 2F
1-1: Ball
2-1: Foul Ball, location: 2F
2-2: Foul Ball, location: 2F
2-2: Ball
3-2: Fly out, F8 (Flyball, 78XD)
Batting: RHB Alfredo Díaz 0-0: Ball
1-0: Called Strike
1-1: Ground out 6-3 (Groundball, 6)
Top of the 4th over - 0 run(s), 0 hit(s), 0 error(s), 0 left on base; Manhatten 0 - Columbia 5
BOTTOM OF THE 4TH
Columbia 08s batting - Pitching for Manhatten Meatheads : RHP Tom Cunningham
Batting: RHB Jeffrey Hicks 0-0: Called Strike
0-1: Called Strike
0-2: Foul Ball, location: 2F
0-2: SINGLE (Line Drive, 34D)
Pitching: RHP Will Tyler
Batting: RHB Irving Galloway 0-0: Called Strike
0-1: Ball
1-1: Fly out, F8 (Flyball, 8LM)
Batting: RHB Ricardo Salazar 0-0: Ball
1-0: Ball
2-0: Foul Ball, location: 2F
2-1: Fly out, F8 (Flyball, 78XD)
Batting: LHB Robert Moore 0-0: Ball
1-0: Foul Ball, location: 2F
1-1: Called Strike
1-2: Strikes out swinging
Bottom of the 4th over - 0 run(s), 1 hit(s), 0 error(s), 1 left on base; Manhatten 0 - Columbia 5
TOP OF THE 5TH
Manhatten Meatheads batting - Pitching for Columbia 08s : RHP Troy Parker
Batting: RHB Doug Coleman 0-0: Ball
1-0: Ball
2-0: Called Strike
2-1: Ball
3-1: Foul Ball, location: 2F
3-2: Strikes out swinging
Batting: SHB Will Evans 0-0: Ball
1-0: Reached on Error, E7 (Flyball, 7M)
Batting: RHB Greg Lee 0-0: Ball
1-0: Foul Ball, location: 2F
1-1: Foul Ball, location: 2F
1-2: Strikes out looking
Batting: RHB Denver Baker 0-0: Ball
Will Evans steals 2nd base
1-0: Called Strike
1-1: Called Strike
1-2: Fly out, F7 (Flyball, 78S)
Top of the 5th over - 0 run(s), 0 hit(s), 1 error(s), 1 left on base; Manhatten 0 - Columbia 5
BOTTOM OF THE 5TH
Columbia 08s batting - Pitching for Manhatten Meatheads : RHP Will Tyler
Batting: RHB Chris Jones 0-0: Ball
1-0: Foul Ball, location: 2F
1-1: Called Strike
1-2: Ball
2-2: Foul Ball, location: 2F
2-2: Strikes out swinging
Batting: RHB Pat Fernández 0-0: Swinging Strike
0-1: Foul Ball, location: 2F
0-2: Strikes out swinging
Batting: LHB Ramiro Muñóz 0-0: Called Strike
0-1: Foul Ball, location: 2F
0-2: Ball
1-2: Strikes out swinging
Bottom of the 5th over - 0 run(s), 0 hit(s), 0 error(s), 0 left on base; Manhatten 0 - Columbia 5
TOP OF THE 6TH
Manhatten Meatheads batting - Pitching for Columbia 08s : RHP Troy Parker
Batting: RHB Ramón Ybarra 0-0: Called Strike
0-1: Ball
1-1: Reached on error, E4 (Groundball, 34)
Batting: RHB Mark McDonald 0-0: Ball
1-0: SINGLE (Line Drive, 34)
Ramón Ybarra to third
Batting: RHB Juan Reyes 0-0: Ball
1-0: Foul Ball, location: 2F
1-1: Fly out, F9 (Flyball, 9LM)
Runner from 3rd tags up, OUT at HOME
Mark McDonald to second
Batting: RHB Claudio Gonzáles 0-0: Fly out, F7 (Flyball, 78M)
Top of the 6th over - 0 run(s), 1 hit(s), 1 error(s), 1 left on base; Manhatten 0 - Columbia 5
BOTTOM OF THE 6TH
Columbia 08s batting - Pitching for Manhatten Meatheads : RHP Will Tyler
Batting: RHB Ben Barker 0-0: Called Strike
0-1: Swinging Strike
0-2: Ball
1-2: Ball
2-2: Foul Ball, location: 2F
2-2: Strikes out looking
Batting: RHB Henry Fox 0-0: Called Strike
0-1: Swinging Strike
0-2: Ball
1-2: Strikes out swinging
Batting: RHB Jeffrey Hicks 0-0: Called Strike
0-1: Ball
1-1: Swinging Strike
1-2: Strikes out swinging
Bottom of the 6th over - 0 run(s), 0 hit(s), 0 error(s), 0 left on base; Manhatten 0 - Columbia 5
TOP OF THE 7TH
Manhatten Meatheads batting - Pitching for Columbia 08s : RHP Troy Parker
Batting: RHB Alfredo Díaz 0-0: Called Strike
0-1: Ball
1-1: Foul Ball, location: 2F
1-2: Ball
2-2: Foul Ball, location: 2F
2-2: Ground out 6-3 (Groundball, 6)
Batting: RHB Doug Coleman 0-0: Ball
1-0: Foul Ball, location: 2F
1-1: Foul Ball, location: 2F
1-2: Ball
2-2: Foul Ball, location: 2F
2-2: Strikes out looking
Batting: SHB Will Evans 0-0: Called Strike
0-1: Ball
1-1: Foul Ball, location: 2F
1-2: Strikes out swinging, 2-3 out at first.
Top of the 7th over - 0 run(s), 0 hit(s), 0 error(s), 0 left on base; Manhatten 0 - Columbia 5
BOTTOM OF THE 7TH
Columbia 08s batting - Pitching for Manhatten Meatheads : RHP Will Tyler
Pitching: LHP Pedro Cruz
Batting: RHB Irving Galloway 0-0: Ball
1-0: Ball
2-0: Ground out 6-3 (Groundball, 6)
Batting: RHB Ricardo Salazar 0-0: Ball
1-0: Swinging Strike
1-1: Fly out, F9 (Flyball, 89M)
Batting: LHB Robert Moore 0-0: Ball
1-0: Ball
2-0: Called Strike
2-1: Swinging Strike
2-2: Ball
3-2: Foul Ball, location: 2F
3-2: Strikes out looking
Bottom of the 7th over - 0 run(s), 0 hit(s), 0 error(s), 0 left on base; Manhatten 0 - Columbia 5
TOP OF THE 8TH
Manhatten Meatheads batting - Pitching for Columbia 08s : RHP Troy Parker
Pitching: RHP Bill Sampson
Batting: RHB Greg Lee 0-0: Ball
1-0: Called Strike
1-1: Called Strike
1-2: Ball
2-2: Foul Ball, location: 2F
2-2: Foul Ball, location: 2F
2-2: Foul Ball, location: 2F
2-2: Ball
3-2: Base on Balls
Batting: RHB Denver Baker 0-0: Called Strike
0-1: Ball
1-1: Ball
2-1: Called Strike
2-2: Strikes out swinging
Batting: RHB Ramón Ybarra 0-0: Ball
1-0: Ball
2-0: Foul Ball, location: 2F
2-1: Swinging Strike
2-2: Foul Ball, location: 2F
2-2: Strikes out swinging
Batting: RHB Mark McDonald 0-0: Ball
1-0: Ball
2-0: Ball
3-0: Called Strike
3-1: Ground out 2-3 (Groundball, 25)
Top of the 8th over - 0 run(s), 0 hit(s), 0 error(s), 1 left on base; Manhatten 0 - Columbia 5
BOTTOM OF THE 8TH
Columbia 08s batting - Pitching for Manhatten Meatheads : LHP Pedro Cruz
Batting: RHB Chris Jones 0-0: Ball
1-0: Foul Ball, location: 2F
1-1: Ground out 6-3 (Groundball, 6M)
Batting: RHB Pat Fernández 0-0: Ground out 4-3 (Groundball, 4)
Batting: LHB Ramiro Muñóz 0-0: Foul Ball, location: 2F
0-1: Foul Ball, location: 2F
0-2: SINGLE (Line Drive, 89M)
Batting: RHB Ben Barker 0-0: Fly out, F6 (Line Drive, 6)
Bottom of the 8th over - 0 run(s), 1 hit(s), 0 error(s), 1 left on base; Manhatten 0 - Columbia 5
TOP OF THE 9TH
Manhatten Meatheads batting - Pitching for Columbia 08s : RHP Bill Sampson
Batting: RHB Juan Reyes 0-0: Swinging Strike
0-1: Ball
1-1: Foul Ball, location: 2F
1-2: Ball
2-2: Foul Ball, location: 2F
2-2: Ball
3-2: Foul Ball, location: 2F
3-2: Strikes out swinging
Batting: RHB Claudio Gonzáles 0-0: Ball
1-0: SINGLE (Groundball, 56D)
Batting: RHB Alfredo Díaz 0-0: Ball
1-0: Called Strike
1-1: Ball
2-1: Fly out, F9 (Flyball, 9S)
Batting: RHB Doug Coleman 0-0: Foul Ball, location: 2F
0-1: Foul Ball, location: 2F
0-2: Ball
1-2: Foul Ball, location: 2F
1-2: Foul Ball, location: 2F
1-2: Foul Ball, location: 2F
1-2: Fly out, F7 (Flyball, 7D)
Top of the 9th over - 0 run(s), 1 hit(s), 0 error(s), 1 left on base; Manhatten 0 - Columbia 5
This league is powered by Out of the Park Baseball, the baseball management simulation game for PC, Mac and Linux
Saturday, April 9th, 2016 - OOTP Baseball 16.8 Build 38